ITL
BIRMINGHAM BARONS @ AMARILLO ARCHDUKES
08/23/2029
 
TOP OF THE 1ST
Birmingham Barons batting - Pitching for Amarillo Archdukes : RHP Brian Hull
Pitching: RHP Brian Hull
Batting: RHB Warren Martin 0-0: Called Strike
0-1: Foul Ball, location: 2F
0-2: Strikes out swinging
Batting: RHB José Montoya 0-0: Ball
1-0: Called Strike
1-1: Ball
2-1: SINGLE (Flyball, 89S)
Batting: LHB José Rivera 0-0: Ball
José Montoya is caught stealing 2nd base
1-0: Foul Ball, location: 2F
1-1: Ball
2-1: Ball
3-1: SINGLE (Groundball, 34D)
Batting: RHB Bryant von Bohlen 0-0: Foul Ball, location: 2F
0-1: Ball
1-1: Foul Ball, location: 2F
1-2: Fly out, F3 (Popup, 3S)
Top of the 1st over - 0 runs, 2 hits, 0 errors, 1 left on base; Birmingham 0 - Amarillo 0
BOTTOM OF THE 1ST
Amarillo Archdukes batting - Pitching for Birmingham Barons : RHP Pedro Valdés
Pitching: RHP Pedro Valdés
Batting: LHB Earl Wigfall 0-0: Ball
1-0: Ball
2-0: Called Strike
2-1: Ball
3-1: Base on Balls
Batting: RHB Curt Wagner 0-0: Ball
1-0: Foul Ball, location: 2F
1-1: Called Strike
1-2: Strikes out swinging
Batting: LHB Edwin Ryan 0-0: Called Strike
0-1: Foul Ball, location: 2F
0-2: Ball
Throwing error on steal attempt, E2
Earl Wigfall to third
1-2: Ball
2-2: Ball
3-2: Foul Ball, location: 2F
3-2: Fly out, F9 (Flyball, 9D)
Runner from 3rd tags up, SCORES, no throw
Batting: LHB John Frost 0-0: Ball
1-0: Ball
2-0: Ball
3-0: Base on Balls
Batting: RHB Herb Bunch 0-0: Called Strike
John Frost steals 2nd base
0-1: Ball
1-1: Fly out, F8 (Flyball, 8LXD)
Bottom of the 1st over - 1 run, 0 hits, 1 error, 1 left on base; Birmingham 0 - Amarillo 1
TOP OF THE 2ND
Birmingham Barons batting - Pitching for Amarillo Archdukes : RHP Brian Hull
Batting: LHB Robinson López 0-0: Ball
1-0: Foul Ball, location: 2F
1-1: Swinging Strike
1-2: Ball
2-2: Foul Ball, location: 2F
2-2: Ball
3-2: Ground out 6-3 (Groundball, 6D)
Batting: RHB Carlos Vásquez 0-0: Single, Error in OF, E7, batter to second base
Batting: LHB Curt Walker 0-0: SINGLE (Line Drive, 89S)
Carlos Vásquez to third
Runner from 3rd tries for Home, SAFE, no throw
Batting: RHB Dean Bailey 0-0: Ball
1-0: Foul Ball, location: 2F
1-1: Ground out U3 (Groundball, 23)
Curt Walker to second
Batting: LHB John Haney 0-0: Called Strike
0-1: Called Strike
0-2: Strikes out swinging, 2-3 out at first.
Top of the 2nd over - 1 run, 2 hits, 1 error, 1 left on base; Birmingham 1 - Amarillo 1
BOTTOM OF THE 2ND
Amarillo Archdukes batting - Pitching for Birmingham Barons : RHP Pedro Valdés
Batting: RHB Roberto García 0-0: Foul Ball, location: 2F
0-1: Swinging Strike
0-2: Ball
1-2: Strikes out swinging
Batting: SHB Jeff Chambers 0-0: Called Strike
0-1: Foul Ball, location: 2F
0-2: Ball
1-2: Ball
2-2: Ball
3-2: Fly out, F9 (Flyball, 8RS)
Batting: LHB José Martínez 0-0: Ball
1-0: Called Strike
1-1: Called Strike
1-2: Foul Ball, location: 2F
1-2: Ball
2-2: Ball
3-2: Base on Balls
Batting: RHB Rich Henley 0-0: Fly out, F8 (Flyball, 78D)
Bottom of the 2nd over - 0 runs, 0 hits, 0 errors, 1 left on base; Birmingham 1 - Amarillo 1
TOP OF THE 3RD
Birmingham Barons batting - Pitching for Amarillo Archdukes : RHP Brian Hull
Batting: RHB Warren Martin 0-0: Swinging Strike
0-1: Foul Ball, location: 2F
0-2: Ground out 4-3 (Groundball, 4)
Batting: RHB José Montoya 0-0: Ball
1-0: Ground out 5-3 (Groundball, 56S)
Batting: LHB José Rivera 0-0: Called Strike
0-1: Ball
1-1: Swinging Strike
1-2: Ball
2-2: Strikes out swinging
Top of the 3rd over - 0 runs, 0 hits, 0 errors, 0 left on base; Birmingham 1 - Amarillo 1
BOTTOM OF THE 3RD
Amarillo Archdukes batting - Pitching for Birmingham Barons : RHP Pedro Valdés
Batting: LHB Earl Wigfall 0-0: Ball
1-0: Called Strike
1-1: Called Strike
1-2: Ground out U3 (Groundball, 3)
Batting: RHB Curt Wagner 0-0: Ball
1-0: Ball
2-0: Ball
3-0: Called Strike
3-1: Called Strike
3-2: Foul Ball, location: 2F
3-2: Strikes out looking
Batting: LHB Edwin Ryan 0-0: Called Strike
0-1: Fly out, F9 (Flyball, 89M)
Bottom of the 3rd over - 0 runs, 0 hits, 0 errors, 0 left on base; Birmingham 1 - Amarillo 1
TOP OF THE 4TH
Birmingham Barons batting - Pitching for Amarillo Archdukes : RHP Brian Hull
Batting: RHB Bryant von Bohlen 0-0: Ball
1-0: Swinging Strike
1-1: Ball
2-1: Called Strike
2-2: Strikes out swinging
Batting: LHB Robinson López 0-0: Foul Ball, location: 2F
0-1: Ball
1-1: Ball
2-1: Ground out 4-3 (Groundball, 34D)
Batting: RHB Carlos Vásquez 0-0: Called Strike
0-1: Called Strike
0-2: Ball
1-2: Ball
2-2: Ball
3-2: Base on Balls
Batting: LHB Curt Walker 0-0: Ball
1-0: Ball
2-0: Ball
3-0: Called Strike
3-1: Foul Ball, location: 2F
3-2: Base on Balls
Carlos Vásquez to second
Batting: RHB Dean Bailey 0-0: Ball
1-0: Ball
2-0: Ball
3-0: Called Strike
3-1: Fly out, F8 (Line Drive, 8RD)
Top of the 4th over - 0 runs, 0 hits, 0 errors, 2 left on base; Birmingham 1 - Amarillo 1
BOTTOM OF THE 4TH
Amarillo Archdukes batting - Pitching for Birmingham Barons : RHP Pedro Valdés
Batting: LHB John Frost 0-0: Swinging Strike
0-1: Ball
1-1: Ground out U3 (Groundball, 3)
Batting: RHB Herb Bunch 0-0: Ball
1-0: Foul Ball, location: 2F
1-1: Foul Ball, location: 2F
1-2: Foul Ball, location: 2F
1-2: Strikes out swinging
Batting: RHB Roberto García 0-0: Called Strike
0-1: Foul Ball, location: 2F
0-2: Foul Ball, location: 2F
0-2: Ball
1-2: Ball
2-2: Foul Ball, location: 2F
2-2: Strikes out swinging
Bottom of the 4th over - 0 runs, 0 hits, 0 errors, 0 left on base; Birmingham 1 - Amarillo 1
TOP OF THE 5TH
Birmingham Barons batting - Pitching for Amarillo Archdukes : RHP Brian Hull
Batting: LHB John Haney 0-0: Foul Ball, location: 2F
0-1: Fly out, F7 (Flyball, 7)
Batting: RHB Warren Martin 0-0: Ball
1-0: Ball
2-0: Ball
3-0: Called Strike
3-1: SINGLE (Line Drive, 6M)
Batting: RHB José Montoya 0-0: Called Strike
0-1: Called Strike
Warren Martin steals 2nd base
0-2: Foul Ball, location: 2F
0-2: Ball
1-2: DOUBLE (Line Drive, 78XD)
Warren Martin scores
Batting: LHB José Rivera 0-0: Intentional Walk
Batting: RHB Bryant von Bohlen 0-0: Ball
José Montoya steals 3rd base
1-0: Ball
2-0: 3-RUN HOME RUN (Flyball, 78XD), Distance : 375 ft
Batting: LHB Robinson López 0-0: Foul Ball, location: 2F
0-1: Swinging Strike
0-2: Ball
1-2: Ball
2-2: Strikes out swinging
Batting: RHB Carlos Vásquez 0-0: Foul Ball, location: 2F
0-1: Ball
1-1: Foul Ball, location: 2F
1-2: Strikes out swinging
Top of the 5th over - 4 runs, 3 hits, 0 errors, 0 left on base; Birmingham 5 - Amarillo 1
BOTTOM OF THE 5TH
Amarillo Archdukes batting - Pitching for Birmingham Barons : RHP Pedro Valdés
Batting: SHB Jeff Chambers 0-0: Ball
1-0: SINGLE (Groundball, 34D)
Batting: LHB José Martínez 0-0: Called Strike
0-1: Ball
1-1: Swinging Strike
1-2: Ball
2-2: Ball
3-2: Base on Balls
Jeff Chambers to second
Batting: RHB Rich Henley 0-0: Called Strike
0-1: Foul Ball, location: 2F
0-2: Ball
1-2: Foul Ball, location: 2F
1-2: Ball
2-2: Strikes out swinging
Batting: LHB Earl Wigfall 0-0: Foul Ball, location: 2F
0-1: Ball
1-1: Fly out, F3 (Popup, 34)
Batting: RHB Curt Wagner 0-0: Ball
1-0: Called Strike
1-1: Ball
2-1: Swinging Strike
2-2: Strikes out swinging
Bottom of the 5th over - 0 runs, 1 hit, 0 errors, 2 left on base; Birmingham 5 - Amarillo 1
TOP OF THE 6TH
Birmingham Barons batting - Pitching for Amarillo Archdukes : RHP Brian Hull
Pitching: RHP Francisco Anaya
Batting: LHB Curt Walker 0-0: Ball
1-0: Called Strike
1-1: Foul Ball, location: 2F
1-2: Ground out 4-3 (Groundball, 4D)
Batting: RHB Dean Bailey 0-0: Foul Ball, location: 2F
0-1: Swinging Strike
0-2: Fly out, F7 (Flyball, 7LS)
Batting: LHB John Haney 0-0: Called Strike
0-1: Swinging Strike
0-2: Strikes out swinging
Top of the 6th over - 0 runs, 0 hits, 0 errors, 0 left on base; Birmingham 5 - Amarillo 1
BOTTOM OF THE 6TH
Amarillo Archdukes batting - Pitching for Birmingham Barons : RHP Pedro Valdés
Batting: LHB Edwin Ryan 0-0: Called Strike
0-1: Foul Ball, location: 2F
0-2: Foul Ball, location: 2F
0-2: Ball
1-2: Ball
2-2: Foul Ball, location: 2F
2-2: Ball
3-2: Foul Ball, location: 2F
3-2: Base on Balls
Batting: LHB John Frost 0-0: Swinging Strike
0-1: Swinging Strike
0-2: Foul Ball, location: 2F
0-2: Strikes out looking
Batting: RHB Herb Bunch 0-0: Ball
1-0: Called Strike
1-1: Ball
2-1: Foul Ball, location: 2F
2-2: Ball
Wild Pitch!
Edwin Ryan to second
3-2: Foul Ball, location: 2F
3-2: SINGLE (Flyball, 9LS)
Edwin Ryan to third
Runner from 3rd tries for Home, SAFE, throw made home
Batting: RHB Roberto García 0-0: Called Strike
0-1: Ball
1-1: Swinging Strike
1-2: Ball
2-2: Foul Ball, location: 2F
2-2: Foul Ball, location: 2F
2-2: Foul Ball, location: 2F
2-2: Ball
3-2: Foul Ball, location: 2F
3-2: Base on Balls
Herb Bunch to second
Batting: SHB Jeff Chambers 0-0: Ball
1-0: Ball
2-0: Foul Ball, location: 2F
2-1: Fly out, F9 (Flyball, 89S)
Batting: LHB José Martínez 0-0: Ball
1-0: Ball
2-0: Ball
3-0: Swinging Strike
3-1: Called Strike
3-2: Base on Balls
Herb Bunch to third
Roberto García to second
Batting: RHB Rich Henley 0-0: Called Strike
0-1: Foul Ball, location: 2F
0-2: Ball
1-2: Fly out, F7 (Flyball, 78D)
Bottom of the 6th over - 1 run, 1 hit, 0 errors, 3 left on base; Birmingham 5 - Amarillo 2
TOP OF THE 7TH
Birmingham Barons batting - Pitching for Amarillo Archdukes : RHP Francisco Anaya
Batting: RHB Warren Martin 0-0: Ball
1-0: Foul Ball, location: 2F
1-1: SINGLE (Groundball, 6MD)
Batting: RHB José Montoya 0-0: Ball
1-0: Ball
2-0: Bunted foul
2-1: Bunt missed!
2-2: Ball
3-2: Foul Ball, location: 2F
3-2: Base on Balls
Warren Martin to second
Batting: LHB José Rivera 0-0: Swinging Strike
0-1: Called Strike
0-2: Fly out, F9 (Line Drive, 89M)
Batting: RHB Bryant von Bohlen 0-0: Foul Ball, location: 2F
0-1: Ball
1-1: Ball
2-1: Foul Ball, location: 2F
2-2: Fly out, F8 (Flyball, 8RS)
Batting: LHB Robinson López 0-0: Ball
1-0: Foul Ball, location: 2F
1-1: Foul Ball, location: 2F
1-2: Ground out 4-3 (Groundball, 34)
Top of the 7th over - 0 runs, 1 hit, 0 errors, 2 left on base; Birmingham 5 - Amarillo 2
BOTTOM OF THE 7TH
Amarillo Archdukes batting - Pitching for Birmingham Barons : RHP Pedro Valdés
Batting: LHB Earl Wigfall 0-0: Foul Ball, location: 2F
0-1: Ball
1-1: Foul Ball, location: 2F
1-2: Foul Ball, location: 2F
1-2: SINGLE (Line Drive, 7LS)
Batting: RHB Curt Wagner 0-0: Ball
1-0: Swinging Strike
1-1: Ball
2-1: Swinging Strike
2-2: Grounds into double play, 6-4-3 (Groundball, 6)
Batting: LHB Edwin Ryan 0-0: Called Strike
0-1: Called Strike
0-2: SINGLE (Flyball, 89S)
Batting: LHB John Frost 0-0: Ball
1-0: Ball
2-0: Ball
3-0: Called Strike
3-1: Base on Balls
Edwin Ryan to second
Batting: RHB Herb Bunch 0-0: Ball
1-0: Called Strike
1-1: Ball
2-1: Called Strike
2-2: Ball
3-2: Fly out, F7 (Flyball, 78D)
Bottom of the 7th over - 0 runs, 2 hits, 0 errors, 2 left on base; Birmingham 5 - Amarillo 2
TOP OF THE 8TH
Birmingham Barons batting - Pitching for Amarillo Archdukes : RHP Francisco Anaya
Batting: RHB Carlos Vásquez 0-0: Ball
1-0: Ball
2-0: Foul Ball, location: 2F
2-1: Called Strike
2-2: Foul Ball, location: 2F
2-2: Foul Ball, location: 2F
2-2: Fly out, F7 (Flyball, 78D)
Batting: LHB Curt Walker 0-0: Ball
1-0: SINGLE (Flyball, 8LS)
Batting: RHB Dean Bailey 0-0: Ball
1-0: Called Strike
1-1: Ball
2-1: Grounds into double play, 5-4-3 (Groundball, 56)
Top of the 8th over - 0 runs, 1 hit, 0 errors, 0 left on base; Birmingham 5 - Amarillo 2
BOTTOM OF THE 8TH
Amarillo Archdukes batting - Pitching for Birmingham Barons : RHP Pedro Valdés
Batting: RHB Roberto García 0-0: Ball
1-0: Called Strike
1-1: SOLO HOME RUN (Flyball, 9LD), Distance : 337 ft
Batting: SHB Jeff Chambers 0-0: Fly out, F8 (Flyball, 8RXD)
Batting: LHB José Martínez 0-0: Ball
1-0: Foul Ball, location: 2F
1-1: Foul Ball, location: 2F
1-2: Ball
2-2: Ball
3-2: DOUBLE (Line Drive, 9LM)
Batting: RHB Rich Henley 0-0: Called Strike
0-1: Ground out 6-3 (Groundball, 56D)
Batting: LHB Earl Wigfall 0-0: Ball
1-0: Called Strike
1-1: Ball
2-1: Fly out, F4 (Popup, 4MD)
Bottom of the 8th over - 1 run, 2 hits, 0 errors, 1 left on base; Birmingham 5 - Amarillo 3
TOP OF THE 9TH
Birmingham Barons batting - Pitching for Amarillo Archdukes : RHP Francisco Anaya
Batting: LHB John Haney 0-0: Called Strike
0-1: Fly out, F7 (Flyball, 78S)
Batting: RHB Warren Martin 0-0: Foul Ball, location: 2F
0-1: Ball
1-1: Ball
2-1: Ball
3-1: Base on Balls
Batting: RHB José Montoya 0-0: Called Strike
0-1: Ball
1-1: Called Strike
1-2: Fielders Choice at 2nd, 5-4 (Groundball, 56)
Batting: LHB José Rivera 0-0: Called Strike
0-1: Ball
1-1: Ball
2-1: Foul Ball, location: 2F
2-2: Strikes out swinging
Top of the 9th over - 0 runs, 0 hits, 0 errors, 1 left on base; Birmingham 5 - Amarillo 3
BOTTOM OF THE 9TH
Amarillo Archdukes batting - Pitching for Birmingham Barons : RHP Pedro Valdés
Batting: RHB Curt Wagner 0-0: Swinging Strike
0-1: Ball
1-1: Foul Ball, location: 2F
1-2: Foul Ball, location: 2F
1-2: Foul Ball, location: 2F
1-2: SINGLE (Line Drive, 7LS)
Pitching: LHP Richard Simpson
Pinch Hitting: RHB Paul Ladd 0-0: Foul Ball, location: 2F
0-1: Called Strike
0-2: Foul Ball, location: 2F
0-2: Strikes out swinging
Pinch Hitting: RHB Seiji Kouno 0-0: SINGLE (Groundball, 4MD)
Curt Wagner to second
Batting: RHB Herb Bunch 0-0: Ball
1-0: Ball
2-0: Foul Ball, location: 2F
2-1: Called Strike
2-2: Strikes out swinging
Batting: RHB Roberto García 0-0: Ball
1-0: Swinging Strike
1-1: Called Strike
1-2: Ball
2-2: Strikes out swinging
Bottom of the 9th over - 0 runs, 2 hits, 0 errors, 2 left on base; Birmingham 5 - Amarillo 3
Saturday, December 16th, 2017 - OOTP Baseball 18.8 Build 76